 Dungeon Crawl Stone Soup version 0.31-a0-1309-gbf3fed316f (webtiles) character file.

Game seed: 15803784548101328712

1557312 Ge0ff the Destabilizer (level 25, 138/191 (198) HPs)
             Began as a Troll Monk on Dec 20, 2023.
             Was an Elder of Hepliaklqana.
             Escaped with the Orb
             ... and 3 runes on Dec 21, 2023!
             The game lasted 05:15:52 (76563 turns).

Ge0ff the Destabilizer (Troll Monk)                Turns: 76563, Time: 05:15:52

HP:   138/191 (198) AC: 17    Str: 22    XL:     25   Next: 39%
MP:   13/33         EV: 14    Int: 12    God:    Hepliaklqana [****..]
Gold: 2124          SH: 12    Dex: 22    Spells: 16/39 levels left

rFire   + . .        a - +9 spear (distort)
rCold   + . .        h - +0 kite shield
rNeg    . . .        L - +7 faerie dragon scales {rElec rPois rCorr Dex+7}
rPois   +            (helmet restricted)
rElec   +            Q - +2 cloak
rCorr   +            (gloves unavailable)
SInv    .            (boots unavailable)
Will    +....        w - amulet of guardian spirit
Stlth   ++           S - ring "Bijen" {Dex+3 Slay+4}
HPRegen 1.31/turn    Y - ring "Taxtaruifoj" {rElec rF+ rC+ Str-4, =R}
MPRegen 0.23/turn

%: guardian spirit
@: lightly drained
A: reduced essence, large, unfitting armour, claws 3, regeneration 1, shaggy fur
1, tough skin 1, deformed body, weak 1, subdued magic 1, MP-powered wands
0: Orb of Zot
}: 3/15 runes: barnacled, slimy, gossamer
a: Renounce Religion, Recall Ancestor, Ancestor Identity, Transference, Idealise


You escaped.
You worshipped Hepliaklqana.
Hepliaklqana was greatly pleased with you.
You visited 11 branches of the dungeon, and saw 52 of its levels.
You also visited: Bailey, Ice Cave, Volcano and Wizlab.

You collected 7180 gold pieces.
You spent 5056 gold pieces at shops.

Inventory:

Hand Weapons
 a - a +9 spear of distortion (weapon)
Missiles
 g - a throwing net {=F}
 t - 27 atropa-tipped darts
 v - 4 curare-tipped darts {=F}
 A - 14 silver javelins
 D - 10 javelins (quivered)
Armour
 h - a +0 kite shield (worn)
 L - the +7 faerie dragon scales (worn) {rElec rPois rCorr Dex+7}
   (You took it off the Enchantress on level 3 of the Depths)

   Dex+7:     It affects your dexterity (+7).
   rElec:     It insulates you from electricity.
   rPois:     It protects you from poison rCorr: It protects you from acid and
   corrosion.
 Q - a +2 cloak (worn)
Jewellery
 b - an amulet of regeneration
 i - a ring of wizardry
 k - an amulet of reflection
 p - a ring of see invisible
 w - an amulet of guardian spirit (around neck)
 x - a ring of positive energy
 G - a +4 ring of protection
 S - the ring "Bijen" (left claw) {Dex+3 Slay+4}
   (You found it on level 5 of the Realm of Zot)

   [ring of slaying]

   Dex+3:     It affects your dexterity (+3).
   Slay+4:    It affects your accuracy & damage with ranged weapons and melee
   (+4).
 Y - the ring "Taxtaruifoj" (right claw) {rElec rF+ rC+ Str-4, =R}
   (You found it on level 4 of the Spider Nest)

   [ring of protection from fire]

   Str-4:     It affects your strength (-4).
   rF+:       It protects you from fire.
   rC+:       It protects you from cold.
   rElec:     It insulates you from electricity.
Wands
 d - a wand of digging (4)
 e - a wand of charming (30)
 f - a wand of flame (60)
 j - a wand of light (6)
 r - a wand of roots (11)
 s - a wand of mindburst (26)
 P - a wand of polymorph (10)
Scrolls
 y - 2 scrolls of immolation
 C - a scroll of poison
 E - 6 scrolls of fear
 F - 5 scrolls of fog
 J - 2 scrolls of silence {!r}
 T - 10 scrolls of teleportation
 V - 10 scrolls of vulnerability
Potions
 o - 2 potions of ambrosia
 q - 16 potions of curing
 u - 9 potions of mutation {!q}
 z - 6 potions of brilliance
 I - 2 potions of invisibility
 K - 4 potions of magic {!q}
 M - 5 potions of might
 N - 5 potions of cancellation {!q}
 R - 6 potions of resistance
 W - 5 potions of heal wounds {!q}
 X - 9 potions of enlightenment
 Z - a potion of berserk rage {!q}
Miscellaneous
 c - a condenser vane (inert)
 l - a lightning rod (1/4)
 n - a phial of floods (inert)
 O - a box of beasts (inert)
 U - a phantom mirror (inert)


   Skills:
 - Level 7.9 Fighting
 - Level 7.9(9.4) Short Blades
 - Level 7.9(9.4) Long Blades
 - Level 7.9(10.4) Axes
 - Level 7.9(11.1) Maces & Flails
 - Level 7.9(10.6) Polearms
 - Level 7.9(10.4) Staves
 - Level 7.9 Ranged Weapons
 - Level 7.9 Throwing
 - Level 7.9 Armour
 - Level 7.9 Dodging
 - Level 7.9 Stealth
 - Level 7.9 Shields
 - Level 7.9 Unarmed Combat
 - Level 7.9 Spellcasting
 - Level 7.9 Conjurations
 - Level 0.1 Hexes
 - Level 0.2 Summonings
 - Level 0.1 Necromancy
 - Level 7.9 Translocations
 - Level 7.9 Transmutations
 + Level 5.7 Fire Magic
 + Level 7.0 Ice Magic
 - Level 7.9 Air Magic
 - Level 7.9 Earth Magic
 - Level 7.9 Poison Magic
 - Level 7.9 Invocations
 - Level 7.9 Evocations
 - Level 7.9 Shapeshifting


You had 16 spell levels left.
You knew the following spells:

 Your Spells              Type           Power      Damage    Failure   Level
d - Iskenderun's Mystic   Conj/Tloc      18%        2d6       12%         4
f - Mephitic Cloud        Conj/Pois/Air  18%        N/A       3%          3
g - Apportation           Tloc           36%        N/A       1%          1
j - Vhi's Electric Charg  Tloc/Air       36%        N/A       12%         4
q - Swiftness             Air            18%        N/A       3%          3
s - Call Imp              Summ           8%         N/A       38%         2
B - Blink                 Tloc           36%        N/A       1%          2
C - Manifold Assault      Tloc           18%        N/A       12%         4

Your spell library contained the following spells:

 Spells                   Type           Power      Damage    Failure   Level
 Foxfire                  Conj/Fire      64%        2x1d7     1%          1
 Magic Dart               Conj           72%        1d6       1%          1
 Shock                    Conj/Air       72%        1d7       1%          1
 Sting                    Tmut/Pois      72%        1d6       1%          1
 Lesser Beckoning         Tloc           36%        N/A       1%          2
 Momentum Strike          Conj/Tloc      36%        3d9       1%          2
 Scorch                   Fire           28%        2d6       3%          2
 Gell's Gravitas          Tloc           18%        N/A       3%          3
 Hailstorm                Conj/Ice       17%        3d6       3%          3
 Teleport Other           Tloc           18%        N/A       3%          3
 Cigotuvi's Dreadful Rot  Necr/Pois/Air  26%        N/A       4%          2
 Frozen Ramparts          Ice            32%        1d5       4%          3
 Ignite Poison            Fire/Tmut/Pois 16%        N/A       4%          3
 Volatile Blastmotes      Fire/Tloc      32%        2d12      4%          3
 Ensorcelled Hibernation  Hex/Ice        20%        N/A       10%         2
 Airstrike                Air            9%         2d(2-18)  12%         4
 Leda's Liquefaction      Tmut/Erth      9%         N/A       12%         4
 Olgreb's Toxic Radiance  Pois           18%        N/A       12%         4
 Petrify                  Tmut/Erth      18%        N/A       12%         4
 Flame Wave               Conj/Fire      16%        2d7       19%         4
 Sticky Flame             Conj/Fire      16%        2d4       19%         4
 Necrotise                Necr           12%        1d4       28%         1
 Inner Flame              Hex/Fire       9%         N/A       28%         3
 Alistair's Intoxication  Tmut/Pois      12%        N/A       32%         5
 Arcjolt                  Conj/Air       9%         1d19      32%         5
 Irradiate                Conj/Tmut      9%         3d14      32%         5
 Freezing Cloud           Conj/Ice/Air   8%         6-21      34%         5
 Jinxbite                 Hex            6%         N/A       41%         2
 Sublimation of Blood     Necr           3%         N/A       41%         2
 Fulminant Prism          Conj/Hex       5%         3d7       52%         4
 Summon Ice Beast         Ice/Summ       10%        N/A       56%         4
 Vampiric Draining        Necr           3%         2d6       65%         3
 Confusing Touch          Hex            3%         N/A       67%         3
 Yara's Violent Unravell  Hex/Tmut       5%         3d4       86%         5
 Dispersal                Tloc           9%         N/A       89%         6
 Metabolic Englaciation   Hex/Ice        5%         N/A       90%         5
 Anguish                  Hex/Necr       1%         N/A       96%         4
 Plasma Beam              Fire/Air       8%         2x1d18    96%         6
 Starburst                Conj/Fire      8%         6d4       96%         6
 Cause Fear               Hex            1%         N/A       97%         4
 Agony                    Necr           3%         N/A       100%        5
 Summon Mana Viper        Hex/Summ       3%         N/A       100%        5
 Simulacrum               Ice/Necr       5%         N/A       100%        6
 Summon Cactus Giant      Summ           2%         N/A       100%        6
 Enfeeble                 Hex            1%         N/A       100%        7
 Malign Gateway           Summ/Tloc      5%         N/A       100%        7
 Discord                  Hex            1%         N/A       100%        8
 Disjunction              Tloc           9%         N/A       100%        8
 Ignition                 Fire           7%         3d4       100%        8


Dungeon Overview and Level Annotations

Branches:
Dungeon (15/15)            Temple (1/1) D:6            Lair (5/5) D:11
 Shoals (4/4) Lair:3       Spider (4/4) Lair:3        Slime (5/5) Lair:5
    Orc (2/2) D:12            Elf (3/3) Orc:2        Vaults (4/5) D:13
  Crypt (0/3) Vaults:2     Depths (4/4) D:15            Zot (5/5) Depths:4
 Bailey (visited)           IceCv (visited)         Volcano (visited)
 WizLab (visited)

Altars:
Ashenzari
Cheibriados
Dithmenos
Elyvilon
Fedhas
Gozag
Hepliaklqana
Kikubaaqudgha
Makhleb
Nemelex Xobeh
Okawaru
Qazlal
Ru
Sif Muna
Trog
Uskayaw
Vehumet
Wu Jian
Xom
Yredelemnul
Zin
The Shining One
Jiyva

Shops:
D:5 (   D:7 (   Orc:1 ((   Orc:2 ?*:((   Elf:2 !   Shoals:4 *(   Vaults:2 (
Depths:1 !

Portals:
Hell: Depths:1 Depths:2 Depths:3 Depths:4
Abyss: Depths:3 Depths:4
Pandemonium: Depths:2 Depths:4
Ziggurat: Depths:1

Annotations:
Elf:2 3 runed translucent doors
Vaults:2 talisman
Depths:4 rpois cloak
Zot:2 Parghit
Zot:3 exclusion: upstairs
Zot:4 exclusion: 2 protean progenitors
Zot:5 2 exclusions


Innate Abilities, Weirdness & Mutations

Your life essence is reduced to manifest your ancestor. (-10% HP)
You are too large for most types of armour.
You have claws for hands.
Your natural rate of healing is unusually fast.
You are covered in fur. (AC +1)
You have tough skin. (AC +1)
Armour fits poorly on your strangely shaped body.
You are weak. (Str -2)
Your spells are a little easier to cast, but a little less powerful.
You expend magic power (3 MP) to strengthen your wands.


Message History

Press: ? - help, Shift-Dir - straight line, f - tormentor
Aim: a tormentor (chance to affect: 68%)
You feel a surge of power!
The tormentor struggles to resist.
Aiming: Fastroot
Press: ? - help, Shift-Dir - straight line, f/p - tormentor
Aim: a tormentor (ally target)
You feel a surge of power!
The roots erupt in riotous growth!
Roots grab the tormentor.
The grasping roots constrict the tormentor!
Mega Troll 5000 casts a spell at the tormentor.
The bolt of magma hits the tormentor!
The tormentor partially resists.
The tormentor struggles to escape constriction.
The grasping roots constrict the tormentor.
The tormentor calls on the powers of darkness!
Your body is wracked with pain!
Mega Troll 5000 casts a spell.
Mega Troll 5000 seems to speed up.
You feel much better.
The grasping roots constrict the tormentor!
You kill the tormentor!
A hell beast comes into view.
The hell beast moves out of view.
Mega Troll 5000 misses the hell beast.
Mega Troll 5000 points at the hell beast and mumbles some strange words.
The crystal spear hits the hell beast!!!
Mega Troll 5000 points at the hell beast and mumbles some strange words.
The bolt of magma hits the hell beast!!
A hellion comes into view.
Aiming: Dig
Press: ? - help, Shift-Dir - straight line A rock wall.
This square is covered in magical glow.
You feel a surge of power!
The rock shatters into small pieces.
The hell beast bites Mega Troll 5000.
The hell beast tramples Mega Troll 5000!
Mega Troll 5000 holds his ground!
Mega Troll 5000 hits the hell beast with a +0 lajatang of freezing!!
Mega Troll 5000 freezes the hell beast.
The hell beast dies!
Your lightning rod (1/4) has regained one charge.
Blink to where?
Press: ? - help, Dir - move target
As you read the scroll of blinking, it crumbles to dust.
There is a staircase leading out of the dungeon here.
Use which ability? (? or * to list) Mega Troll 5000 is recalled.
The hellion gestures at you.
The sphere of damnation explodes!
The damnation engulfs you!!
The damnation engulfs Mega Troll 5000!!
You have escaped!

........#.#..#.....######......#.
........#...######.#....#......#.
####)..##.#2#......#.##.##.....#.
#..'##.....######.##..#'....#.
#..#.###.#....# #.###..#....#.
#.##...#.##.#.###.#######.....
#.####.#.###.'##...######..###
#.####.#...'...'.#.....##..#
####.'..#.#####.@.#####.#..'..#
..##.##.....#.+.R.'...#.####..#
..##.######...##'####.#.####..###
..##.#######.###.####.#...##..#..
#.##..#..###.# #....#.###.#...#..
#.##..'#..##.######.#...##'...#..
#.##...##.##.#......###.##....###
#.##....#....#.######...#.....#
#.##....####.#.....#..###.....###


You could see the friendly Mega Troll 5000 the battlemage (fast) and a hellion
(ally target).

Vanquished Creatures
  An orb of fire (Zot:5)
  2 Killer Klowns
  A curse toe (Zot:4)
  Arachne (Spider:4)
  2 tentacled monstrosities
  2 deep elf blademasters (Elf:3)
  2 quicksilver dragons (Zot:5)
  4 Orb Guardians (Zot:5)
  A deep elf master archer (Elf:3)
  A death cob (Zot:2)
  2 krakens (Shoals:2)
  5 acid blobs
  A sphinx (Vaults:1)
  A thorn hunter (Depths:3)
  A shadow dragon (Depths:3)
  2 storm dragons
  The ghost of HourglassMan the Severer, an adept MiFi of Hepliaklqana (Spider:4)
  3 azure jellies
  3 rockslimes
  A draconian shifter (Zot:3)
  A protean progenitor (Zot:1)
  A draconian knight (Zot:5)
  3 fire giants (Depths:2)
  A frost giant (Depths:2)
  2 balrugs
  2 vault wardens
  An emperor scorpion (Spider:1)
  A draconian scorcher (Depths:4)
  3 deep elf sorcerers (Elf:3)
  2 ghost moths
  2 spectral caustic shrikes (Depths:4)
  An orc warlord (Vaults:2)
  3 spriggan defenders
  A broodmother (Spider:4)
  2 very ugly things
  3 quicksilver oozes
  A war gargoyle (Vaults:4)
  3 ironbound thunderhulks
  3 ironbound preservers
  5 formless jellyfish
  4 stone giants
  An eleionoma (Depths:3)
  2 deep elf demonologists (Elf:3)
  A purple draconian (Zot:3)
  2 spark wasps
  3 dire elephants
  2 ettins (Depths:2)
  7 merfolk javelineers
  The ghost of iamserjio the Spear-Bearer, a journeyman OpWn of Ru (Lair:2)
  A merfolk impaler (Depths:4)
  5 entropy weavers
  6 yaktaur captains
  Josephine (D:15)
  2 fire dragons (Depths:1)
  An ice dragon (Depths:3)
  2 rakshasas
  3 great orbs of eyes
  4 jorogumos
  3 catoblepae
  2 hydras (Lair:5)
  An ogre mage (D:15)
  3 spriggan air magi
  3 centaur warriors
  3 ironbound frosthearts
  5 merfolk aquamancers
  2 radroaches
  7 two-headed ogres
  6 dancing weapons
  2 boulder beetles
  2 satyrs (Shoals:4)
  6 deep troll earth magi
  A death yak (Lair:3)
  2 deep troll shamans
  2 orc high priests
  A tengu warrior (D:12)
  2 demonic crawlers (Spider:2)
  An occultist (D:15)
  A hell knight (Depths:4)
  A sun demon (Depths:4)
  Sonja (Lair:5)
  A deep elf knight (Elf:2)
  A skyshark (Shoals:1)
  2 iron trolls
  4 pharaoh ants
  2 sea snakes
  A fire crab (Lair:5)
  14 deep trolls
  A glowing orange brain (shapeshifter) (D:12)
  2 shadow demons (Depths:4)
  3 orb spiders
  A flayed ghost (Depths:2)
  A glowing orange brain (Vaults:4)
  4 ironbound convokers
  6 lindwurms
  An orc knight (Orc:1)
  13 harpies
  A steelbarb worm (Spider:2)
  3 arcanists
  11 wolf spiders
  3 deep elf archers
  2 deep elf zephyrmancers
  17 ugly things
  4 orc sorcerers
  9 deep elf pyromancers
  A shining eye (shapeshifter) (Depths:3)
  A manticore (Shoals:2)
  14 cyclopes
  5 shining eyes
  5 fauns
  13 elephants
  5 moths of wrath
  3 black mambas
  5 merfolk sirens
  32 slime creatures
  6 vault sentinels
  5 water nymphs
  2 kobold blastminers (Orc:2)
  2 large abominations (Depths:3)
  7 cane toads
  A smoke demon (Depths:2)
  A torpor snail (Spider:3)
  2 gargoyles
  6 komodo dragons
  3 efreet
  A tormentor (D:1)
  An ice devil (D:15)
  20 yaktaurs
  4 trolls
  4 meliai
  14 merfolk
  3 tyrant leeches (Lair:5)
  2 hornets
  4 wind drakes
  5 tarantellas
  A glass eye (Depths:2)
  Grinder (D:3)
  2 blink frogs (Lair:5)
  A dream sheep (Lair:3)
  3 snapping turtles (Shoals:4)
  4 spriggans
  A shadow (D:11)
  Sigmund (D:2)
  An air elemental (Elf:3)
  A small abomination (Depths:3)
  7 water elementals
  14 jumping spiders
  3 wraiths
  2 wyverns
  12 culicivoras
  22 yaks
  Eustachio (D:5)
  3 wargs
  2 golden eyes (Slime:1)
  A steam dragon (D:7)
  4 vampire mosquitoes
  13 redbacks
  A swamp worm (shapeshifter) (D:15)
  4 water moccasins
  4 acid dragons
  A hydra simulacrum (IceCv)
  16 orc warriors
  2 black bears (D:11)
  An ice beast (D:7)
  An ogre (shapeshifter) (Elf:1)
  11 ogres
  12 centaurs
  3 wolves
  2 kobold brigands
  An earth elemental (Volcano)
  6 bullfrogs
  2 gnoll sergeants (D:12)
  4 scorpions
  7 wights
  Dowan (D:7)
  2 killer bees
  6 electric eels (D:6)
  A howler monkey (D:8)
  5 hounds
  16 orc priests
  A sleepcap (D:4)
  Crazy Yiuf (D:2)
  3 jellies (Lair:5)
  Jessica (D:2)
  Natasha (thrice) (D:2)
  An iguana (D:5)
  17 orc wizards
  8 gnolls
  7 adders
  A shadow imp (D:7)
  3 white imps
  2 ufetubi (D:6)
  6 worms
  4 dart slugs
  58 orcs
  6 ball pythons
  5 bats
  14 endoplasms
  2 giant cockroaches
  8 goblins
  7 hobgoblins
  22 kobolds
  3 quokkas
  2 frilled lizards
  6 rats
  6 tentacles (Shoals:2)
873 creatures vanquished.

Vanquished Creatures (collateral kills)
  A dread lich (Zot:5)
  A juggernaut (Depths:2)
  A Killer Klown (Zot:5)
  A curse toe (Zot:1)
  Saint Roka (Orc:2)
  6 golden dragons
  Nikola (Spider:4)
  the Enchantress (Depths:3)
  3 tentacled monstrosities
  2 Brimstone Fiends
  Asterion (Vaults:3)
  10 Orb Guardians
  3 liches
  Grunn (Zot:3)
  2 quicksilver dragons
  A deep elf master archer (Elf:3)
  2 krakens (Shoals:2)
  6 sphinxes
  15 acid blobs
  3 death cobs
  A tengu reaver (Depths:4)
  4 shadow dragons
  4 storm dragons
  Ilsuiw (Shoals:4)
  2 thorn hunters (Depths:3)
  7 rockslimes
  Roxanne (Spider:4)
  2 draconian monks (Zot:3)
  6 azure jellies
  A protean progenitor (Zot:1)
  A fire giant (Depths:1)
  3 draconian knights
  2 deep elf sorcerers
  4 frost giants
  6 ghost moths
  Louise (D:15)
  An iron dragon (Depths:2)
  4 vault wardens
  An emperor scorpion (Spider:3)
  5 deep elf elementalists
  2 spectral caustic shrikes (Depths:4)
  A draconian stormcaller (Zot:2)
  2 draconian shifters (Zot:1)
  5 draconian scorchers
  2 draconian annihilators
  12 very ugly things
  A broodmother (Spider:4)
  8 ironbound preservers
  3 spriggan defenders
  A war gargoyle (Vaults:4)
  5 stone giants
  6 quicksilver oozes
  12 formless jellyfish
  4 ironbound thunderhulks
  5 green draconians
  A lorocyproca (Depths:1)
  3 deep elf annihilators (Elf:3)
  4 deep elf death magi (Elf:3)
  2 dire elephants
  6 purple draconians
  A black draconian (Depths:4)
  4 red draconians
  4 yellow draconians
  4 white draconians
  4 spark wasps
  An orange crystal statue (WizLab)
  A green death (Zot:1)
  5 entropy weavers
  7 merfolk javelineers
  3 ettins
  5 rakshasas
  5 merfolk impalers
  3 ice dragons
  3 fire dragons
  6 yaktaur captains
  A peacekeeper (Vaults:4)
  6 great orbs of eyes
  2 hydras (Lair:3)
  3 spriggan air magi
  2 deep elf high priests (Elf:3)
  A hell beast (D:1)
  6 jorogumos
  A vault guard (Vaults:2)
  A caustic shrike simulacrum (IceCv)
  4 merfolk avatars
  A radroach (Spider:3)
  A catoblepas (D:14)
  6 ironbound frosthearts
  4 two-headed ogres
  2 centaur warriors (D:13)
  An alligator snapping turtle (Shoals:4)
  5 dancing weapons
  2 death yaks (Lair:3)
  A satyr (Shoals:3)
  2 tengu warriors
  4 boulder beetles
  5 deep troll shamans
  5 deep troll earth magi
  4 merfolk aquamancers
  4 orc high priests
  6 demonic crawlers
  7 spriggan berserkers
  4 sun demons
  A soul eater (D:15)
  A hell knight (Depths:2)
  3 iron trolls
  6 deep elf knights
  A skyshark (shapeshifter) (Vaults:4)
  4 pharaoh ants
  2 skysharks
  26 deep trolls
  A flayed ghost (Depths:2)
  6 glowing orange brains
  A goliath frog (Lair:5)
  A shadow demon (Depths:2)
  3 orb spiders (Spider:4)
  2 spriggan druids (Depths:3)
  2 deep trolls (shapeshifter)
  5 deep elf archers
  2 necromancers
  5 sea snakes
  2 steelbarb worms
  2 orc knights (D:15)
  6 arcanists
  15 deep elf pyromancers
  19 lindwurms
  21 harpies
  6 deep elf zephyrmancers
  9 ironbound convokers
  A tengu skeleton (Vaults:4)
  9 wolf spiders
  25 ugly things
  6 fauns
  4 shining eyes
  An orc sorcerer (D:15)
  16 moths of wrath
  13 cyclopes
  A black mamba (shapeshifter) (Elf:1)
  3 merfolk sirens
  Maurice (D:7)
  4 elephants
  5 manticores
  16 vault sentinels
  2 kobold blastminers (Orc:2)
  2 water nymphs
  A torpor snail (shapeshifter) (Depths:2)
  4 gargoyles
  9 cane toads
  2 torpor snails (Spider:1)
  A large abomination (Depths:3)
  An orange demon (D:2)
  Joseph (D:7)
  3 komodo dragons
  21 yaktaurs
  5 unseen horrors (Depths:3)
  A kobold demonologist (D:13)
  An anaconda simulacrum (IceCv)
  3 tengu conjurers
  A komodo dragon (shapeshifter) (D:14)
  16 merfolk
  2 wind drakes
  A polar bear (shapeshifter) (D:14)
  A hornet (Depths:2)
  A meliai (Spider:4)
  A human skeleton (Vaults:4)
  A hellwing (D:8)
  A tyrant leech (Lair:5)
  3 trolls
  9 blink frogs
  An alligator simulacrum (IceCv)
  13 tarantellas
  7 dream sheep
  6 snapping turtles
  A snapping turtle (shapeshifter) (Elf:2)
  4 glass eyes
  65 slime creatures
  9 jumping spiders
  8 culicivoras
  3 spriggans
  2 air elementals (Elf:1)
  A centaur simulacrum (D:15)
  A shadow (D:10)
  A yak (shapeshifter) (Elf:1)
  A spriggan (shapeshifter) (D:14)
  22 water elementals
  A wraith (D:15)
  3 wyverns
  A wyvern (shapeshifter) (Elf:1)
  A steam dragon (D:6)
  A fire elemental (Elf:2)
  2 golden eyes
  15 yaks
  2 basilisks
  2 wargs
  A hog (shapeshifter) (Elf:1)
  5 vampire mosquitoes
  19 redbacks
  A chaos spawn (Depths:3)
  3 small abominations (Depths:3)
  2 harpy simulacra (IceCv)
  A glowing shapeshifter zombie (Vaults:4)
  A swamp worm (shapeshifter) (Depths:2)
  7 water moccasins
  An acid dragon (D:10)
  A hydra simulacrum (IceCv)
  15 orc warriors
  Duvessa (D:7)
  An ice beast (D:6)
  6 wolves
  7 centaurs
  13 ogres
  5 kobold brigands
  10 bullfrogs
  An earth elemental (Elf:2)
  3 wights
  4 scorpions
  5 killer bees
  An electric eel (Spider:1)
  A howler monkey (D:8)
  15 orc priests
  10 jellies (Lair:5)
  An iguana (D:7)
  17 orc wizards
  5 gnolls (D:6)
  A shadow imp (D:8)
  A worm (Lair:3)
  30 orcs
  An endoplasm (Lair:5)
  A giant cockroach (Lair:3)
  2 hobgoblins (D:6)
  19 kobolds
  A tentacle (Shoals:2)
1094 creatures vanquished.

Vanquished Creatures (others)
  A pandemonium lord (D:15)
  A sphinx (Depths:4)
  2 draconian knights
  2 draconian scorchers (Zot:3)
  An ironbound preserver (Vaults:2)
  2 draconian stormcallers
  A draconian annihilator (Zot:3)
  A spark wasp (Depths:2)
  A red draconian (Depths:4)
  A green death (D:15)
  An entropy weaver (Spider:1)
  A deep elf zephyrmancer (Elf:1)
  A water elemental (Elf:2)
  A harpy simulacrum (IceCv)
  126 battlemagi
  14 tentacles (Shoals:2)
157 creatures vanquished.

Grand Total: 2124 creatures vanquished

Notes
Turn   | Place    | Note
-------+----------+-------------------------------------------
     0 | D:1      | Ge0ff the Troll Monk began the quest for the Orb.
     0 | D:1      | Reached XP level 1. HP: 22/22 MP: 0/0
   186 | D:1      | Reached XP level 2. HP: 29/29 MP: 1/1
   392 | D:1      | Found Fiakicib's Magic Scroll Shop.
   396 | D:1      | Bought a scroll of identify for 24 gold pieces
   973 | D:1      | Bought a scroll of fear for 48 gold pieces
   996 | D:2      | Noticed Jessica
  1002 | D:2      | Killed Jessica
  1003 | D:2      | Reached XP level 3. HP: 22/36 MP: 2/2
  1095 | D:2      | Reached XP level 4. HP: 44/44 MP: 3/3
  1113 | D:2      | Reached skill level 5 in Unarmed Combat
  1174 | D:2      | Noticed Natasha
  1179 | D:2      | Killed Natasha
  1192 | D:2      | Noticed Sigmund
  1212 | D:2      | Killed Sigmund
  1213 | D:2      | Reached XP level 5. HP: 48/50 MP: 4/4
  1213 | D:2      | Reached XP level 6. HP: 57/59 MP: 5/5
  1451 | D:2      | Found a runed translucent door.
  1452 | D:2      | Noticed Crazy Yiuf
  1458 | D:2      | Killed Crazy Yiuf
  1591 | D:2      | Noticed Natasha
  1597 | D:2      | Killed Natasha
  1804 | D:2      | Noticed Natasha
  1810 | D:2      | Killed Natasha
  2336 | D:3      | Found an opulent altar of Gozag.
  2343 | D:3      | Identified the +2 leather armour of Vlad {Dex+2 Slay+2}
  2394 | D:3      | Noticed Grinder
  2408 | D:3      | Killed Grinder
  2409 | D:3      | Reached XP level 7. HP: 67/67 MP: 6/6
  2445 | D:3      | Found a faded altar of an unknown god.
  3047 | D:4      | Found a basalt altar of Yredelemnul.
  3114 | D:4      | Found a white marble altar of Elyvilon.
  3260 | D:4      | Reached skill level 1 in Evocations
  3547 | D:5      | Entered Level 5 of the Dungeon
  3658 | D:1      | Bought a scroll of identify for 24 gold pieces
  3658 | D:1      | Bought a scroll of fog for 48 gold pieces
  3752 | D:5      | Reached XP level 8. HP: 72/79 MP: 7/7
  3752 | D:5      | Noticed Eustachio
  3776 | D:5      | Killed Eustachio
  3777 | D:5      | Reached skill level 5 in Fighting
  3814 | D:5      | Found a stormy altar of Qazlal.
  3908 | D:5      | Found Zuelita's Antique Weapon Shoppe.
  3926 | D:5      | Found a shimmering altar of Xom.
  4138 | D:5      | Found a glowing silver altar of Zin.
  4301 | D:6      | Found a broken altar of Ashenzari.
  4306 | D:6      | Found a staircase to the Ecumenical Temple.
  4322 | Temple   | Entered the Ecumenical Temple
  4364 | Temple   | Became a worshipper of Hepliaklqana the Forgotten
  4364 | Temple   | Reached * piety under Hepliaklqana
  4364 | Temple   | Reached ** piety under Hepliaklqana
  4405 | Temple   | Remembered your ancestor Mega Troll 5000 as a battlemage
  4605 | D:6      | Found an iron altar of Okawaru.
  5303 | D:6      | Reached XP level 9. HP: 82/82 MP: 8/8
  5661 | D:7      | Noticed Joseph
  5812 | D:7      | Found Ruckoxew's Weapon Emporium.
  5823 | D:7      | Killed Joseph
  5838 | D:7      | Found a flagged portal.
  5854 | Bailey   | Entered a bailey
  5896 | Bailey   | Reached skill level 1 in Armour
  6154 | Bailey   | Reached skill level 5 in Evocations
  6496 | Bailey   | Identified the +5 orcbow of Koddieh {heavy, Int+4 Stlth+}
  6522 | Bailey   | Noticed a two-headed ogre
  6528 | Bailey   | Killed a two-headed ogre
  6529 | Bailey   | Reached XP level 10. HP: 91/93 MP: 9/9
  6767 | D:7      | Noticed Duvessa
  6767 | D:7      | Noticed Dowan
  6772 | D:7      | Killed Duvessa
  6774 | D:7      | Killed Dowan
  6791 | D:7      | Noticed Maurice
  6802 | D:7      | Killed Maurice
  7701 | D:7      | Found Ruckoxew's Weapon Emporium.
  8104 | D:8      | Noticed a two-headed ogre
  8110 | D:8      | Reached skill level 5 in Dodging
  8111 | D:8      | Killed a two-headed ogre
  8112 | D:8      | Reached skill level 1 in Transmutations
  8141 | D:8      | Noticed a cyclops
  8148 | D:8      | Killed a cyclops
  8245 | D:8      | Found a sparkling altar of Nemelex Xobeh.
  8266 | D:8      | Reached *** piety under Hepliaklqana
  8537 | D:8      | Reached skill level 5 in Armour
  8715 | D:9      | Noticed a cyclops
  8724 | D:9      | Killed a cyclops
  8725 | D:9      | Reached XP level 11. HP: 82/99 MP: 10/10
  8939 | D:9      | Found a radiant altar of Vehumet.
  8968 | D:9      | Found a bloodstained altar of Trog.
  8977 | D:9      | Noticed a two-headed ogre
  8985 | D:9      | Killed a two-headed ogre
  9314 | D:9      | Reached **** piety under Hepliaklqana
  9978 | D:9      | Found a glowing golden altar of the Shining One.
 10001 | D:10     | Entered Level 10 of the Dungeon
 10001 | D:10     | Noticed a catoblepas
 10015 | D:10     | Killed a catoblepas
 10421 | D:10     | Noticed a two-headed ogre
 10428 | D:10     | Killed a two-headed ogre
 10429 | D:10     | Reached skill level 1 in Invocations
 10737 | D:11     | Noticed a two-headed ogre
 10744 | D:11     | Killed a two-headed ogre
 10847 | D:11     | Reached skill level 1 in Throwing
 10954 | D:11     | Noticed a two-headed ogre
 10960 | D:11     | Killed a two-headed ogre
 10961 | D:11     | Noticed a boulder beetle
 10973 | D:11     | Killed a boulder beetle
 11009 | D:11     | Reached XP level 12. HP: 92/107 MP: 12/12
 11180 | D:11     | Found a staircase to the Lair.
 11543 | Lair:1   | Entered Level 1 of the Lair of Beasts
 11584 | Lair:1   | Reached ***** piety under Hepliaklqana
 13026 | Lair:1   | Reached skill level 5 in Invocations
 13052 | Lair:1   | Reached skill level 5 in Throwing
 13315 | Lair:2   | Found a runed translucent door.
 13315 | Lair:2   | Noticed iamserjio's ghost (journeyman OpWn)
 13607 | Lair:2   | Killed iamserjio's ghost
 13608 | Lair:2   | Reached skill level 1 in Shields
 13813 | Lair:3   | Noticed a death yak
 13813 | Lair:3   | Noticed a death yak
 13813 | Lair:3   | Noticed a death yak
 14001 | Lair:3   | Noticed a seven-headed hydra
 14005 | Lair:3   | Killed a seven-headed hydra
 14100 | Lair:3   | Identified the +5 quarterstaff "Fycunack" {chaos, Str+3
                  | SInv}
 14231 | Lair:3   | Found a hole to the Spider Nest.
 14474 | Lair:3   | Noticed a seven-headed hydra
 14478 | Lair:3   | Killed a seven-headed hydra
 14479 | Lair:3   | Reached XP level 13. HP: 114/114 MP: 16/16
 14850 | Lair:3   | Found a staircase to the Shoals.
 15272 | Lair:3   | Found a hole to the Spider Nest.
 15357 | Lair:3   | Found a staircase to the Shoals.
 16034 | Lair:4   | Found a dark tunnel.
 16039 | Volcano  | Entered a volcano
 16057 | Volcano  | Noticed a stone giant
 16065 | Volcano  | Killed a stone giant
 16227 | Volcano  | Reached skill level 5 in Shields
 17127 | Lair:5   | Entered Level 5 of the Lair of Beasts
 17163 | Lair:5   | Noticed Sonja
 17179 | Lair:5   | Killed Sonja
 17610 | Lair:5   | Reached XP level 14. HP: 120/121 MP: 18/18
 17721 | Lair:5   | Reached skill level 1 in Stealth
 17735 | Lair:5   | Found an ornate altar of the Wu Jian Council.
 18259 | Lair:5   | Found a staircase to the Slime Pits.
 18968 | Lair:5   | Learned a level 1 spell: Apportation
 18971 | Lair:5   | Learned a level 2 spell: Blink
 18974 | Lair:5   | Learned a level 2 spell: Call Imp
 19108 | D:12     | Found a staircase to the Orcish Mines.
 19223 | D:12     | Reached ****** piety under Hepliaklqana
 20554 | D:12     | Found a staircase to the Orcish Mines.
 20688 | Orc:1    | Entered Level 1 of the Orcish Mines
 20716 | Orc:1    | Found Becs's Weapon Emporium.
 20743 | Orc:1    | Reached skill level 5 in Transmutations
 20977 | Orc:1    | Found a transporter.
 20982 | Orc:1    | Found Udyag's Weapon Shop.
 21059 | Orc:1    | Found a transporter.
 21349 | Orc:1    | Noticed a stone giant
 21356 | Orc:1    | Killed a stone giant
 21392 | Orc:1    | Identified the +2 rapier of Untruth {holy, *Noise rCorr
                  | Dex-4 Stlth+}
 21796 | Orc:2    | Entered Level 2 of the Orcish Mines
 21801 | Orc:2    | Learned a level 3 spell: Mephitic Cloud
 21961 | Orc:2    | Found a staircase to the Elven Halls.
 22147 | Orc:2    | Found Ona Pepa's Assorted Antiques.
 22263 | Orc:2    | Reached skill level 1 in Conjurations
 22265 | Orc:2    | Reached skill level 1 in Poison Magic
 22286 | Orc:2    | Reached skill level 1 in Air Magic
 22305 | Orc:2    | Noticed Saint Roka
 22325 | Orc:2    | Reached XP level 15. HP: 118/128 MP: 19/19
 22524 | Orc:2    | Killed Saint Roka
 22525 | Orc:2    | Reached skill level 1 in Spellcasting
 22671 | Orc:2    | Bought a wand of flame (3) for 52 gold pieces
 22737 | Orc:2    | Paralysed by an orc sorcerer for 5 turns
 22880 | Orc:2    | Found Xyxoa's Weapon Shop.
 22880 | Orc:2    | Found Qoestrut's Magic Scroll Boutique.
 22881 | Orc:2    | Found Udeonkab's Book Boutique.
 22885 | Orc:2    | Found Faemefio's Weapon Shop.
 22888 | Orc:2    | Bought 2 atropa-tipped darts for 25 gold pieces
 23353 | D:13     | Found Ykkeret's Distillery.
 24431 | D:13     | Found a gate to the Vaults.
 24522 | D:13     | You fall into a shaft and drop 2 floors!
 24522 | D:15     | Entered Level 15 of the Dungeon
 24670 | D:13     | Identified the +2 leather armour of the Poles {rElec
                  | Will+++ rCorr Slay-6}
 25378 | D:14     | Identified a scroll of acquirement
 25378 | D:14     | Acquired 802 gold pieces
 25425 | D:13     | Bought a potion of might for 64 gold pieces
 25425 | D:13     | Bought a potion of heal wounds for 80 gold pieces
 25425 | D:13     | Bought a potion of haste for 160 gold pieces
 26405 | D:15     | Noticed Josephine
 26414 | D:15     | Killed Josephine
 26442 | D:15     | Noticed Louise
 26453 | D:15     | Killed Louise
 26941 | D:15     | Reached XP level 16. HP: 135/135 MP: 10/20
 27184 | D:15     | Found a staircase to the Depths.
 27377 | Shoals:1 | Entered Level 1 of the Shoals
 27430 | Shoals:1 | Found an ornate altar of the Wu Jian Council.
 27525 | Shoals:1 | Reached skill level 5 in Conjurations
 27552 | Shoals:1 | Reached skill level 5 in Poison Magic
 27596 | Shoals:1 | Found a frozen archway.
 27651 | IceCv    | Entered an ice cave
 27680 | IceCv    | Found a transporter.
 27685 | IceCv    | Found the +5 scythe "Finisher" {speed, execute}
 27686 | IceCv    | Found a transporter.
 28059 | Shoals:1 | Reached skill level 5 in Air Magic
 28698 | Shoals:2 | Noticed a kraken
 28714 | Shoals:2 | Killed a kraken
 29424 | Shoals:2 | Noticed a kraken
 29437 | Shoals:2 | Killed a kraken
 29483 | Shoals:2 | Noticed a kraken
 29494 | Shoals:2 | Killed a kraken
 30257 | Shoals:4 | Entered Level 4 of the Shoals
 30265 | Shoals:4 | Found Biotaske's Antique Weapon Shop.
 30279 | Shoals:4 | Bought a scorched spear for 192 gold pieces
 30279 | Shoals:4 | Identified the +6 spear "Zerolof" {elec, rN+ Dex+3 Stlth+}
                  | (You bought it in a shop on level 4 of the Shoals)
 30479 | Shoals:4 | Reached XP level 17. HP: 133/142 MP: 21/21
 30604 | Shoals:4 | Found Maerim's CLEARANCE SALE!.
 30629 | Shoals:4 | Bought a box of beasts for 200 gold pieces
 30664 | Shoals:4 | Noticed Ilsuiw
 30913 | Shoals:4 | Reached skill level 1 in Polearms
 31512 | Orc:2    | Bought a scroll of enchant weapon for 97 gold pieces
 31774 | D:1      | Bought a scroll of enchant weapon for 90 gold pieces
 31774 | D:1      | Bought a scroll of enchant weapon for 90 gold pieces
 32047 | Spider:1 | Entered Level 1 of the Spider Nest
 32456 | Shoals:4 | Killed Ilsuiw
 32826 | Shoals:4 | Reached skill level 5 in Polearms
 33048 | Shoals:4 | Got a barnacled rune of Zot
 33494 | Shoals:4 | Paralysed by a formless jellyfish for 1 turns
 33752 | Orc:2    | Bought a wand of roots (7) for 420 gold pieces
 33752 | Orc:2    | Bought a scroll of vulnerability for 100 gold pieces
 33752 | Orc:2    | Bought a potion of curing for 75 gold pieces
 33774 | Orc:2    | Bought a scroll of enchant armour for 97 gold pieces
 33774 | Orc:2    | Bought a scroll of fog for 52 gold pieces
 33774 | Orc:2    | Bought a scroll of revelation for 97 gold pieces
 33774 | Orc:2    | Bought 2 scrolls of vulnerability for 104 gold pieces
 35400 | Shoals:2 | Noticed a kraken
 35457 | Shoals:2 | Killed a kraken
 35685 | Orc:2    | Bought an Inescapable Atlas for 192 gold pieces
 35690 | Orc:2    | Learned a level 4 spell: Manifold Assault
 35931 | Spider:1 | Reached skill level 1 in Axes
 35931 | Spider:1 | Reached skill level 1 in Staves
 36567 | D:13     | Bought a potion of curing for 48 gold pieces
 36567 | D:13     | Bought a potion of curing for 48 gold pieces
 36567 | D:13     | Bought a potion of curing for 48 gold pieces
 36567 | D:13     | Bought a potion of lignification for 48 gold pieces
 37572 | Spider:2 | You fall into a shaft and drop 1 floor!
 37663 | Spider:3 | Reached XP level 18. HP: 150/150 MP: 18/22
 39695 | Spider:2 | Reached skill level 5 in Axes
 39937 | Spider:2 | Reached skill level 5 in Staves
 40549 | Spider:4 | Entered Level 4 of the Spider Nest
 40837 | Spider:4 | Noticed Arachne
 41058 | Spider:4 | Noticed HourglassMan's ghost (adept MiFi)
 41166 | Spider:4 | Found a runed translucent gate.
 41166 | Spider:4 | Found a runed translucent gate.
 41166 | Spider:4 | Found a runed translucent gate.
 41451 | Spider:4 | Identified the granite talisman of Duaczur {Slay+3 SInv}
 41451 | Spider:4 | Noticed Roxanne
 41983 | Spider:4 | Noticed Nikola
 41990 | Spider:4 | Killed Nikola
 42311 | Spider:4 | Got a gossamer rune of Zot
 42504 | Spider:4 | Killed Arachne
 43235 | Vaults:1 | Entered Level 1 of the Vaults
 43464 | Vaults:1 | Reached skill level 5 in Spellcasting
 43518 | Vaults:1 | HP: 5/150 [yaktaur/bolt (15)]
 44516 | Vaults:1 | Reached XP level 19. HP: 156/156 MP: 26/26
 44516 | Vaults:1 | nice
 44926 | Vaults:1 | You fall into a shaft and drop 1 floor!
 44979 | Vaults:2 | Found Qolik's Weapon Shop.
 45680 | Spider:4 | Killed Roxanne
 45688 | Spider:4 | 20 hp troll
 46037 | Spider:4 | Killed HourglassMan's ghost
 46436 | Spider:4 | Identified the ring "Taxtaruifoj" {rElec rF+ rC+ Str-4}
 46439 | Spider:4 | niiiiiiiiice
 46441 | Spider:4 | Identified the ring "Suniab" {rPois Int+5 Slay-2}
 46447 | Spider:4 | Identified the +3 quarterstaff "Qan Viar" {flame, ^Drain
                  | rC++}
 46927 | Spider:4 | Learned a level 3 spell: Swiftness
 47414 | Vaults:2 | Reached skill level 1 in Translocations
 47546 | Vaults:2 | Paralysed by a formless jellyfish for 1 turns
 47626 | Vaults:1 | Reached skill level 1 in Maces & Flails
 48064 | Vaults:2 | Reached skill level 5 in Maces & Flails
 48355 | Vaults:2 | Found a staircase to the Crypt.
 48355 | Vaults:2 | Found an ancient bone altar of Kikubaaqudgha.
 48356 | Vaults:2 | Found a basalt altar of Yredelemnul.
 49340 | Vaults:3 | Identified the +8 spear "Zienott Lacu" {antimagic, Str+3}
 49435 | Vaults:3 | Reached XP level 20. HP: 104/164 MP: 29/29
 49436 | Vaults:3 | Reached skill level 1 in Shapeshifting
 49784 | Vaults:3 | Noticed Asterion
 49795 | Vaults:3 | Killed Asterion
 49974 | Vaults:3 | Paralysed by a formless jellyfish for 1 turns
 50664 | D:1      | Bought a scroll of vulnerability for 48 gold pieces
 50664 | D:1      | Bought 2 scrolls of immolation for 96 gold pieces
 50664 | D:1      | Bought a scroll of immolation for 48 gold pieces
 51831 | Vaults:4 | Reached skill level 5 in Translocations
 51930 | Vaults:4 | Found a magical portal.
 51945 | WizLab   | Entered Wucad Mu's Monastery
 52181 | WizLab   | Found the crystal ball of Wucad Mu {*channel}
 52402 | WizLab   | Reached skill level 5 in Stealth
 52402 | WizLab   | Reached XP level 21. HP: 170/170 MP: 31/31
 53670 | Vaults:4 | Reached skill level 1 in Short Blades
 54414 | Vaults:4 | Learned a level 4 spell: Iskenderun's Mystic Blast
 54712 | Depths:1 | Entered Level 1 of the Depths
 54944 | Depths:1 | Reached skill level 5 in Short Blades
 54957 | Depths:1 | Found a one-way gateway to a ziggurat.
 56256 | Depths:1 | Found Hogasuut's Distillery.
 56264 | Depths:1 | Bought a potion of haste for 150 gold pieces
 56454 | Depths:1 | Found a shadowy altar of Dithmenos.
 56524 | Depths:1 | Reached XP level 22. HP: 168/178 MP: 25/32
 56703 | Depths:1 | Found a gateway to Hell.
 57115 | Depths:2 | Reached skill level 1 in Long Blades
 57585 | Depths:2 | Reached skill level 5 in Long Blades
 57783 | Depths:2 | Noticed a juggernaut
 57795 | Depths:2 | Killed a juggernaut
 57964 | Depths:2 | Noticed a golden dragon
 58022 | Depths:2 | Killed a golden dragon
 58230 | Depths:2 | Identified the +3 scale mail "Xaecyr" {rPois SInv}
 58240 | Depths:2 | Got the Volume of Discontinuous Jinxing
 58323 | Depths:2 | Found a one-way gate leading to the halls of Pandemonium.
 59493 | Depths:3 | You fall into a shaft and drop 1 floor!
 59493 | Depths:4 | Entered Level 4 of the Depths
 59523 | Depths:4 | Reached skill level 1 in Ranged Weapons
 59896 | Depths:3 | Found a one-way gate to the infinite horrors of the Abyss.
 60097 | Depths:3 | Identified the +6 scimitar "Tual" {drain, MP+9}
 60200 | Depths:3 | Identified the +4 shortbow of the Present {flame, Will+
                  | Dex+3}
 60200 | Depths:3 | Noticed the Enchantress
 60209 | Depths:3 | Killed the Enchantress
 60241 | Depths:3 | Found a radiant altar of Vehumet.
 60261 | Depths:3 | Identified the staff of the Assorted Eyes {rN+ Str+4 Necro}
 60275 | Depths:3 | Got the Papyrus of Death and the Evil Eye
 61104 | Depths:4 | Reached XP level 23. HP: 175/180 MP: 31/33
 61812 | Depths:4 | Found a gate to the Realm of Zot.
 62105 | Depths:1 | Bought a potion of enlightenment for 75 gold pieces
 62105 | Depths:1 | Bought a potion of might for 60 gold pieces
 62105 | Depths:1 | Bought a potion of cancellation for 120 gold pieces
 62105 | Depths:1 | Bought a potion of curing for 45 gold pieces
 62378 | Slime:1  | Entered Level 1 of the Pits of Slime
 62384 | Slime:1  | Gained mutation: Armour fits poorly on your strangely
                  | shaped body. [a shining eye]
 62388 | Slime:1  | Gained mutation: You are partially covered in iridescent
                  | scales. (AC +2) [a shining eye]
 62390 | Slime:1  | Paralysed by a formless jellyfish for 1 turns
 62398 | Lair:5   | Reached skill level 5 in Ranged Weapons
 62542 | Slime:1  | Gained mutation: You are dopey. (Int -2) [a shining eye]
 62665 | Slime:2  | Gained mutation: You have hidden genetic defects. [a
                  | shining eye]
 62667 | Slime:2  | Gained mutation: Potions are less effective at restoring
                  | your health. [a shining eye]
 62704 | Slime:2  | Gained mutation: You sometimes lose your temper in combat.
                  | [a shining eye]
 62715 | Slime:2  | Lost mutation: You have hidden genetic defects. [potion of
                  | mutation]
 62715 | Slime:2  | Lost mutation: Potions are less effective at restoring your
                  | health. [potion of mutation]
 62715 | Slime:2  | Lost mutation: You are partially covered in iridescent
                  | scales. (AC +2) [potion of mutation]
 62715 | Slime:2  | Gained mutation: You are partially covered in iridescent
                  | scales. (AC +2) [potion of mutation]
 62715 | Slime:2  | Gained mutation: You have a pair of small antennae on your
                  | head. [potion of mutation]
 62716 | Slime:2  | Lost mutation: You are dopey. (Int -2) [potion of mutation]
 62716 | Slime:2  | Lost mutation: You sometimes lose your temper in combat.
                  | [potion of mutation]
 62716 | Slime:2  | Gained mutation: Your system is resistant to poisons.
                  | (rPois) [potion of mutation]
 62716 | Slime:2  | Gained mutation: You are weak. (Str -2) [potion of
                  | mutation]
 62716 | Slime:2  | Gained mutation: Your flesh is heat resistant. (rF+)
                  | [potion of mutation]
 62847 | Slime:2  | Gained mutation: You occasionally lose the ability to read
                  | scrolls when taking damage. [a shining eye]
 63716 | Slime:5  | Entered Level 5 of the Pits of Slime
 64481 | Slime:5  | Noticed the Royal Jelly
 64676 | Slime:5  | Reached skill level 5 in Shapeshifting
 64875 | Slime:5  | Found a viscous altar of Jiyva.
 64875 | Slime:5  | Found the +7 sceptre of Torment {pain, torment}
 65102 | Slime:5  | the Royal Jelly changed into a rockslime shaped Royal Jelly
 65102 | Slime:5  | Noticed a rockslime shaped Royal Jelly
 65138 | Slime:4  | polly'ed tRJ at 13% chance (on the 2nd try)
 65235 | Slime:5  | Killed a rockslime shaped Royal Jelly
 65982 | Slime:5  | Found the +4 skin of Zhor {*Englaciate rC+++ SInv}
 65986 | Slime:5  | Identified the +6 orcbow "Killer Klown's Regret"
                  | {antimagic, rF+ Str+3 Dex+3}
 66000 | Slime:5  | Got a slimy rune of Zot
 66044 | Slime:5  | Identified the staff of the Evening {rPois rN+ Str+4 SInv
                  | Poison}
 66074 | Slime:5  | Identified the +5 great sword of Defilement {flame, +Blink
                  | rC++ Str-2 Stlth+}
 66122 | Slime:5  | Lost mutation: Your system is resistant to poisons. (rPois)
                  | [potion of mutation]
 66122 | Slime:5  | Lost mutation: You are partially covered in iridescent
                  | scales. (AC +2) [potion of mutation]
 66122 | Slime:5  | Lost mutation: Your flesh is heat resistant. (rF+) [potion
                  | of mutation]
 66122 | Slime:5  | Gained mutation: You are somewhat resistant to further
                  | mutation. [potion of mutation]
 66122 | Slime:5  | Gained mutation: You expend magic power (3 MP) to
                  | strengthen your wands. [potion of mutation]
 66122 | Slime:5  | Gained mutation: You are partially covered in iridescent
                  | scales. (AC +2) [potion of mutation]
 66123 | Slime:5  | Lost mutation: You occasionally lose the ability to read
                  | scrolls when taking damage. [potion of mutation]
 66123 | Slime:5  | Lost mutation: You have a pair of small antennae on your
                  | head. [potion of mutation]
 66123 | Slime:5  | Lost mutation: You are partially covered in iridescent
                  | scales. (AC +2) [potion of mutation]
 66535 | Elf:1    | Entered Level 1 of the Elven Halls
 66726 | Elf:1    | Paralysed by an air elemental for 1 turns
 67329 | Elf:1    | Found the +6 Majin-Bo {spellvamp, MP+6 Int+6}
 67878 | Elf:1    | Got Upeisterch's Discourse on Reconstruction
 68460 | Elf:2    | Found a runed translucent gate.
 68460 | Elf:2    | Found a runed translucent gate.
 68460 | Elf:2    | Found a runed translucent gate.
 68660 | Elf:2    | Found Zoraa's Distillery.
 68669 | Elf:2    | Bought a potion of heal wounds for 85 gold pieces
 68669 | Elf:2    | Bought a potion of enlightenment for 85 gold pieces
 68669 | Elf:2    | Bought a potion of enlightenment for 85 gold pieces
 68794 | Elf:3    | Entered Level 3 of the Elven Halls
 69311 | Elf:3    | Reached XP level 24. HP: 192/192 MP: 33/33
 69842 | Elf:3    | Identified the +1 war axe of Mourning {holy, *Corrode rPois
                  | rF+ Dex+4}
 69975 | Elf:3    | Identified the +0 chain mail of Gluttony {rElec rF+ rN+
                  | Will-}
 70233 | Elf:3    | Identified the +3 sling of Eghageac {freeze, Dex+5}
 70340 | Elf:3    | Identified the +2 glaive "Murmur" {elec, Int+2 Stlth+}
 70340 | Elf:3    | Identified the amulet of the King {Faith Str+3}
 70493 | Elf:3    | Reached skill level 1 in Earth Magic
 70737 | Elf:3    | Identified the +0 pair of gloves of Jigsaw {Str+5}
 70740 | Elf:3    | Identified the staff of Yredelemnul's Pride {rC+ rN+ Dex+2
                  | Stlth+ Ice}
 70751 | Elf:3    | Identified the +4 flail of Gozag's Anger {heavy, Dex+10}
 70754 | Elf:3    | Identified the +2 short sword "Buqifiot" {freeze, ^Fragile
                  | rPois Dex+3}
 70921 | Elf:2    | Bought 2 potions of mutation for 272 gold pieces
 70921 | Elf:2    | Bought a potion of magic for 136 gold pieces
 70921 | Elf:2    | Bought a potion of mutation for 136 gold pieces
 70921 | Elf:2    | Bought a potion of resistance for 170 gold pieces
 70921 | Elf:2    | Bought a potion of resistance for 170 gold pieces
 71058 | D:13     | Bought a potion of ambrosia for 128 gold pieces
 71058 | D:13     | Bought a potion of brilliance for 64 gold pieces
 71058 | D:13     | Bought 2 potions of magic for 256 gold pieces
 71058 | D:13     | Bought a potion of brilliance for 64 gold pieces
 71216 | Depths:1 | Bought a potion of magic for 120 gold pieces
 71216 | Depths:1 | Bought a potion of cancellation for 120 gold pieces
 71297 | Zot:1    | Entered Level 1 of the Realm of Zot
 71735 | Zot:1    | HP: 6/192 [quicksilver ooze[spawned from a protean
                  | progenitor] (9)]
 71756 | Zot:1    | yay!
 72080 | Zot:2    | Learned a level 4 spell: Vhi's Electric Charge
 72504 | Zot:2    | Reached skill level 5 in Earth Magic
 72551 | Zot:2    | too late
 72836 | Zot:3    | Noticed a Killer Klown
 72856 | Zot:3    | Killed a Killer Klown
 73207 | Zot:3    | Reached skill level 1 in Ice Magic
 73234 | Zot:2    | Noticed Parghit
 73234 | Zot:2    | Noticed Grunn
 73902 | Zot:3    | Killed Grunn
 74216 | Zot:3    | Identified the +4 flail of Uncomfortable Rashes {holy, rF+}
 74284 | Zot:5    | Entered Level 5 of the Realm of Zot
 74749 | Zot:5    | Reached skill level 1 in Fire Magic
 74752 | Zot:5    | Noticed a Killer Klown
 74760 | Zot:5    | Killed a Killer Klown
 75219 | Zot:5    | Identified the ring "Bijen" {Dex+3 Slay+4}
 75352 | Zot:4    | nope
 75528 | Zot:5    | Reached XP level 25. HP: 198/198 MP: 33/33
 75626 | Zot:5    | Noticed a dread lich
 75638 | Zot:5    | Killed a dread lich
 75639 | Zot:5    | Reached skill level 5 in Ice Magic
 75715 | Zot:5    | Noticed a Killer Klown
 75724 | Zot:5    | Noticed an orb of fire
 75725 | Zot:5    | Killed a Killer Klown
 75736 | Zot:5    | Killed an orb of fire
 75807 | Zot:5    | Noticed an orb of fire
 75811 | Zot:5    | Gained mutation: You are vulnerable to cold. (rC-) [an orb
                  | of fire]
 75816 | Zot:5    | Banished an orb of fire
 75826 | Zot:5    | Lost mutation: You are somewhat resistant to further
                  | mutation. [potion of mutation]
 75826 | Zot:5    | Lost mutation: You are vulnerable to cold. (rC-) [potion of
                  | mutation]
 75826 | Zot:5    | Gained mutation: You are agile. (Dex +4, Str/Int -1)
                  | [potion of mutation]
 75826 | Zot:5    | Lost mutation: You are agile. (Dex +4, Str/Int -1) [potion
                  | of mutation]
 75846 | Zot:5    | Noticed an orb of fire
 75851 | Zot:5    | Gained mutation: Your spells are a little easier to cast,
                  | but a little less powerful. [an orb of fire]
 75860 | Zot:5    | Banished an orb of fire
 75936 | Zot:5    | Reached skill level 5 in Fire Magic
 75948 | Zot:5    | Got the Orb of Zot
 76249 | D:15     | Noticed Deputauwn the pandemonium lord
 76258 | D:15     | Killed Deputauwn the pandemonium lord
 76563 | D:$      | Escaped with the Orb!

Illustrated notes .........................[....... ..........................####### ..........................# ..........................# ....†.....................# ..........................# ..........................# ..........................# ................@.........# ................R.......=.# ...#############[####.....# ...# #.....# #.....# ...# .p...#... #.....# ...# ##.. .##.. #.....# ...# ... .. .#.#.....####### ...## +###########............ ....# #..................... Turn 44516 on Vaults:1: nice #..#.#..#^.#^##.# ^.##..#..^.^...##### .##......#..###^.^.# ##.......#.^#......# #.#..#.^.^.#......## ^....#..#.##.#.....# .^.....#........#..# .#...#.#......#.R^## ^#^..^..........8^# #.#..##...^#......# ....^......#......# ..#..#...#..#....## #^#..^.....#^....# ^....#.#..#.#..### .#.#.^###^###^## ###.### ### ### ### Turn 45688 on Spider:4: 20 hp troll *********..............# **^,,,^,,,..............# ,,,*******#..###'''###..#### ,,** #(,#.......#..†^.# ,,^* #..#.......#..##.#### **** #..#.#...#.#..##..^.# ,*** #..#..#.#..#..##...<# ,*^*** #..#.#.R.#.#..#....#### ,,,,,* #..#.)@=!=.#..##...#.#^ ,,,,,* #..#.......#........... ,,,*,* #,,#########..^.....#.. ,,,,** *,,,,.........#........ ,,*** *,,,...............#..# ^,,* ***######?....##......# ,,** *,.#.....^..#... ************** **###...#....... ****,,^,,^,,^** ******.......#.. Turn 46439 on Spider:4: niiiiiiiiice

....####....##...#.#......#.#...
#.##.#.....###.#...#......#....
##...........##..#...#..........
#......>....^...................
##....................<.........
##.......................##.....
##.........................#.....
#.............................##.
................@.............#..
....##.........R........#.....#..
...##............^.......#...#...
...#.....................#.......
#.###.##....#................#...
####.##....#.....##...##.##.#....
#........#......#...##.###.....
#.........#....................
##..<......#...................


Turn 65138 on Slime:4: polly'ed tRJ at 13% chance (on the 2nd try) ...#####
...#...### ...#..#..## #.##..#...## #......#...# )......#...# §[...##.#..#
..m...m.#..####### §####...#....z..@# .####..J.#.#####.# ...#....m#.# #.#
##.#..[#..## #.# #........## #.# ##.....##.# #.# ###.##...# #.# # ##.....# #.# #
##..∩..# Turn 71756 on Zot:1: yay! .## ..## ## .... .# ... # #####.##.### ..
##...##.#'#.##... .# #### ##.....##........ .. #.)####....°°°R@....### #.
#...(.#.....°.#.......# # ####..[......°#..#..... ###...###.....###.# ...#
#.......##...##...# ... .........##)##..#...# .# ###.#.....#...#>##### .
#..#......#....## #.#.#.........#.# Turn 72551 on Zot:2: too late
**,,,,,********,,,** **,,,** ,,,,,,,,,,,,,,,,,** *#.,,** ,,,,,,,,,,,,,,,,**
*#..,** ,,,,,,,,,,,,,,,** *#C..** ,,,,,,,,******** *#C..#* ,,,,,,,,* *#...#*
,,,,,,,,* *#...#* ,,,,,,,,* ##...#* ,,,,,,,,*******#@R.#* ,,,,,,,,,..>......##
,,,,,,,,,.....<..## ,,,,,,,,,.......## *********#######* Turn 75352 on Zot:4:
nope

Levels and vault maps discovered:
D:1:      nicolae_arrival_somewhat_less_tricky_arrival, layout_basic,
          serial_shops, shop
D:2:      layout_rooms, uniq_crazy_yiuf_cottage, uniq_jessica, uniq_natasha,
          uniq_sigmund
D:3:      layout_loops_ring, mainiacjoe_overflow_six_doors_small,
          hellmonk_ecumenical_altar_prayer_group, kennysheep_pointless_box,
          grunt_ministairs_2, kennysheep_boxes, uniq_grinder
D:4:      layout_gridville, kennysheep_ying_yang
D:5:      layout_rooms, xom_teletrap_fun, grunt_qazlal_clouds,
          lemuel_round_altar, chequers_serial_rivers_micro_c,
          nicolae_take_the_stairs, minmay_liquid_box, hex_medium, uniq_eustachio
D:6:      minmay_goblin_kobold_castle, layout_rooms, lemuel_tele_altar,
          nicolae_ashenzari_skybound, minmay_temple_entry_overgrown
D:7:      layout_cave_pods, enter_bailey_2, serial_shops, shop,
          roderic_lattice_a, uniq_joseph, uniq_maurice, uniq_duvessa
D:8:      layout_cave_pools, mainiacjoe_overflow_surrounded_room
D:9:      layout_layer_cave, vehumet_crystals, kennysheep_little_box,
          lemuel_doored_altar
D:10:     layout_roguey
D:11:     layout_loops_ring, grunt_lair_entry_orc_guard_hut
D:12:     layout_roguey, kennysheep_orc_monster_closet_entryway
D:13:     layout_roguey, hangedman_vaults_entry_quadrant_bands, serial_shops,
          nicolae_shop_tiny_waterfront, minmay_starry_boxes
D:14:     layout_long_grid
D:15:     gammafunk_enter_depths_forms, layout_cave_pods,
          hangedman_abyss_or_decor_clamps, minmay_misc_feat_chi, uniq_josephine,
          uniq_louise
Temple:   cyrus_temple_forest
Lair:1:   layout_layer_cave, serial_bayou_shore_b
Lair:2:   layout_small_grid, hellmonk_ghost_happy_afterlife
Lair:3:   layout_loops_ring, elwin_shoals_entry_rooms,
          nicolae_spider_entry_non_spiders, minmay_holes, wad_woods_road_01,
          kennysheep_catoblepas_arena
Lair:4:   layout_small_grid, nicolae_volcano_entry_s_turn, lemuel_fruit_tree
Lair:5:   minmay_lair_end_frog_pond, layout_layer_cave,
          minmay_slime_entry_jelly_boxes, basic_altar, serial_bayou_shore_a,
          uniq_sonja
Shoals:1: layout_shoals, portal_ice_cave_entry_ugly_swarm, lemuel_centaur_altar
Shoals:2: nicolae_shoals_lighthouse, layout_shoals, st_shoals_ruin
Shoals:3: layout_shoals
Shoals:4: shoals_end_hangedman, layout_shoals, shoals_ilsuiw_alternative,
          serial_shops, shop, nicolae_shop_clearance
Spider:1: layout_spider_delve
Spider:2: layout_spider_delve, hellmonk_narrow_tunnel
Spider:3: nicolae_spider_hilbert_zone_6 [nicolae_spider_hilbert_4_sides_1_open,
          nicolae_spider_hilbert_4_sides_1_open,
          nicolae_spider_hilbert_4_sides_1_open,
          nicolae_spider_hilbert_4_sides_1_open,
          nicolae_spider_hilbert_4_sides_1_open,
          nicolae_spider_hilbert_4_sides_1_open,
          nicolae_spider_hilbert_4_sides_1_open], nicolae_spider_world_wide_web
Spider:4: johnstein_spider_rune_arachne_lair, gammafunk_ghost_split,
          uniq_roxanne, uniq_nikola
Slime:1:  layout_caves
Slime:2:  layout_caves
Slime:3:  layout_caves
Slime:4:  layout_caves
Slime:5:  slime_pit
Orc:1:    giant_chief_lemuel, layout_caves, serial_shops,
          nicolae_shop_drivethru, shop_fountains
Orc:2:    st_orc_mages, layout_caves, serial_shops, nicolae_shop_trees,
          uniq_saint_roka
Elf:1:    eino_elf_arrival_shootout, layout_loops_ring,
          nicolae_elf_shapeshifter_party, grunt_ministairs_13,
          dreamdust_wishing_well
Elf:2:    nicolae_elf_blades_splatter_lattice [infiniplex_blade_entry_pillars],
          layout_rooms, serial_shops, nicolae_shop_hallway_stairs
Elf:3:    elf_hall_gauntlet_narrow, layout_geoelf_octagon
Vaults:1: hangedman_vaults_trim, hangedman_vaults_capsules,
          ontoclasm_vaults_claustrophobia, ontoclasm_vaults_chip,
          vaults_room_pools, vaults_dpeg_emergency_exit, layout_vaults_omnigrid
Vaults:2: v_misc_26, v_alt_pattern_4, nicolae_vaults_an_arrangement, v_misc_2,
          v_pattern_3, nicolae_vaults_sealed_display,
          nicolae_vaults_apartment_1, nicolae_vaults_stepped_doors,
          nicolae_vaults_apartment_1, hangedman_vaults_stretched_pinwheel,
          vaults_room_fancy_cross, minmay_crypt_entry_necro_gods,
          grunt_vaults_funnel, layout_vaults_ring, serial_shops, shop
Vaults:3: nicolae_vaults_double_plus_1, ontoclasm_vaults_ring_large,
          nicolae_vaults_twisting_passages, nicolae_vaults_storage_room_glass,
          v_rooms_6, nicolae_vaults_lightning_bolt, vaults_dpeg_diagonal,
          nicolae_vaults_tangram_1, nicolae_vaults_offset_grid_hallway_3,
          nicolae_vaults_security_offices_5, nicolae_vaults_tangram_1,
          layout_vaults_chaotic_city, uniq_asterion
Vaults:4: mu_enter_wizlab_2, nicolae_vaults_mitosis, vaults_room_semicircle,
          v_misc_22, grunt_vaults_focal, vaults_mumra_bighexcomb, v_misc_28,
          vaults_room_boxed, vaults_mumra_minichess,
          nicolae_vaults_closet_pinwheel_1,
          nicolae_vaults_offset_grid_hallway_3, vaults_room_semicircle,
          grunt_vaults_hallway_short, layout_vaults_omnicross
Depths:1: layout_cave_pools, enter_ziggurat_e, nicolae_dithmenos_the_darkroom,
          serial_shops, shop, hangedman_coc_ice_floe, lemuel_flamethrower_3
Depths:2: minmay_the_grid_net [minmay_the_grid_tree, minmay_the_grid_all_tris,
          minmay_the_grid_medium_cups, minmay_the_grid_pillar_ring,
          minmay_the_grid_fan, minmay_the_grid_prize_four_corners],
          layout_cave_shapes, rand_demon_pan_entry_3, hangedman_glass_teeth,
          grunt_hell_entry_dis_mu, kennysheep_generic_room_4
Depths:3: grunt_forest_end_shrine, layout_basic, minmay_room_of_horrors,
          hell_entry
Depths:4: grunt_zot_entry_bicorn, layout_cave_pools, abyss_entry_crystal,
          grunt_pan_entry_zigzag, pf_hell_entry_tar_river,
          minmay_misc_feat_encased
Zot:1:    layout_basic, regret_index_zotdec_banners
Zot:2:    layout_twisted_circle,
          regret_index_zotdec_abyssal_contain_seething_sorcery, uniq_parghit,
          uniq_grunn
Zot:3:    layout_misc_corridors, skrybe_zot_glass_3
Zot:4:    hangedman_zot_vaults_quadrants, layout_onion
Zot:5:    layout_cellular_growth

Skill      XL: |  1  2  3  4  5  6  7  8  9 10 11 12 13 14 15 16 17 18 19 20 21 22 23 24 25 |
---------------+----------------------------------------------------------------------------+-----
Unarmed Combat | 4 6 7 |  7.9
Fighting       | 3 4 6 7 |  7.9
Evocations     | 1 3 5 6 7 |  7.9
Armour         | 3 5 6 7 |  7.9
Dodging        | 4 5 7 |  7.9
Transmutations | 2 6 7 |  7.9
Invocations    | 2 6 7 |  7.9
Throwing       | 2 6 7 |  7.9
Shields        | 2 7 |  7.9
Stealth        | 4 5 7 |  7.9
Conjurations   | 1 4 6 7 |  7.9
Poison Magic   | 1 4 6 7 |  7.9
Air Magic      | 1 4 6 7 |  7.9
Spellcasting   | 2 3 5 7 |  7.9
Polearms       | 7 |  7.9
Axes           | 3 7 |  7.9
Staves         | 3 6 7 |  7.9
Translocations | 2 5 7 |  7.9
Maces & Flails | 7 |  7.9
Shapeshifting  | 1 2 7 |  7.9
Short Blades   | 6 7 |  7.9
Long Blades    | 7 |  7.9
Ranged Weapons | 3 7 |  7.9
Earth Magic    | 7 |  7.9
Ice Magic      | 4 7 |  7.0
Fire Magic     | 2 5 |  5.7
Hexes          | |  0.1
Summonings     | |  0.2
Necromancy     | |  0.1

Action                     |  1- 3 |  4- 6 |  7- 9 | 10-12 | 13-15 | 16-18 | 19-21 | 22-24 | 25-27 || total
---------------------------+-------+-------+-------+-------+-------+-------+-------+-------+-------++-------
  Melee: Unarmed           |    44 |    67 |   184 |   358 |   792 |   223 |       |       |       ||  1668
         Spear             |       |       |       |       |       |   581 |   663 |  1322 |    67 ||  2633
  Throw: Stone             |       |       |    19 |    19 |     2 |       |       |       |       ||    40
         Dart              |       |       |       |     2 |    15 |    11 |       |    16 |     4 ||    48
         Boomerang         |       |       |       |    11 |   227 |   504 |   186 |   206 |       ||  1134
         Throwing net      |       |       |       |       |     5 |     9 |     3 |     6 |       ||    23
         Large rock        |       |       |       |       |       |     1 |       |       |       ||     1
         Javelin           |       |       |       |       |       |       |       |    48 |     1 ||    49
   Cast: Mephitic Cloud    |       |       |       |       |     2 |       |       |     1 |       ||     3
         Apportation       |       |       |       |       |       |    10 |       |    19 |     5 ||    34
         Blink             |       |       |       |       |       |     1 |     1 |     1 |       ||     3
         Manifold Assault  |       |       |       |       |       |       |       |   138 |     7 ||   145
         Iskenderun's Myst |       |       |       |       |       |       |       |     5 |       ||     5
 Invoke: Recall Ancestor   |       |       |     2 |     3 |    14 |    23 |    13 |    30 |     5 ||    90
         Ancestor Life: Ba |       |       |     1 |       |       |       |       |       |       ||     1
         Ancestor Identity |       |       |     1 |       |       |       |       |       |       ||     1
         Idealise          |       |       |       |       |    15 |    19 |    14 |    14 |     3 ||    65
         Transference      |       |       |       |       |       |     1 |       |     1 |       ||     2
Ability: Begin Untransform |       |       |       |       |       |       |     1 |       |       ||     1
  Evoke: Wand              |       |       |    13 |     8 |    32 |   106 |     3 |    53 |    15 ||   230
         Phantom mirror    |       |       |       |       |     4 |     5 |     4 |     5 |     1 ||    19
         Lightning rod     |       |       |       |       |       |    21 |    11 |    14 |     4 ||    50
         Box of beasts     |       |       |       |       |       |     2 |     4 |     4 |     1 ||    11
         Condenser vane    |       |       |       |       |       |     2 |     4 |     5 |     1 ||    12
         Phial of floods   |       |       |       |       |       |       |       |     2 |     1 ||     3
    Use: Scroll            |     2 |     1 |    10 |     7 |    14 |    25 |    23 |    22 |     4 ||   108
         Potion            |       |       |       |       |       |    15 |     5 |    27 |    13 ||    60
   Stab: Distracted        |       |       |       |     7 |    19 |    12 |    15 |    17 |       ||    70
         Invisible         |       |       |       |     1 |     1 |     5 |     2 |     1 |     1 ||    11
         Held in net/web   |       |       |       |       |     1 |     4 |     1 |       |       ||     6
         Confused          |       |       |       |       |     1 |       |       |     1 |       ||     2
         Sleeping          |       |       |       |       |       |       |       |     3 |       ||     3
 Armour: Robe              |     7 |       |       |       |       |       |       |       |       ||     7
         Acid dragon scale |    12 |    40 |   158 |   246 |   500 |   122 |       |   535 |    29 ||  1642
         Fire dragon scale |       |       |       |       |    20 |   611 |   329 |   222 |       ||  1182
  Dodge: Dodged            |    20 |    30 |    83 |   184 |   326 |   259 |    97 |   230 |    10 ||  1239
  Block: Kite shield       |       |       |       |       |   384 |   336 |   214 |   287 |    12 ||  1233
         Reflection        |       |       |       |       |       |     8 |    35 |       |       ||    43
   Form: Statue            |       |       |       |       |       |       |     1 |       |       ||     1

Table legend: (Time is in decaauts)
 A = Elapsed time spent in this place.
 B = Non-inter-level travel time spent in this place.
 C = Inter-level travel time spent in this place.
 D = Time resting spent in this place.
 E = Time spent auto-exploring this place.
 F = Levels seen in this place.
 G = Mean time per level.
                   A        B        C        D        E       F      G
               +--------+--------+--------+--------+--------+-----+--------+
         Total |  75842 |  66067 |   9775 |  13146 |  31481 |  56 | 1354.3 |
       Dungeon |  19504 |  15688 |   3816 |    881 |  11101 |  15 | 1300.3 |
        Temple |     84 |      4 |     80 |      0 |      0 |   1 |   84.0 |
          Lair |   8937 |   7106 |   1831 |    695 |   4437 |   5 | 1787.4 |
        Shoals |   6748 |   6192 |    556 |   1032 |   2885 |   4 | 1687.0 |
   Spider Nest |   8290 |   7512 |    778 |   2875 |   2265 |   4 | 2072.5 |
    Slime Pits |   3832 |   3641 |    191 |   1177 |    764 |   5 |  766.4 |
  Orcish Mines |   3143 |   2565 |    578 |    208 |   1452 |   2 | 1571.5 |
   Elven Halls |   4140 |   3774 |    366 |   1079 |   1574 |   3 | 1380.0 |
        Vaults |   8707 |   7783 |    924 |   1340 |   4122 |   4 | 2176.8 |
        Depths |   6400 |   5832 |    568 |   1578 |   2003 |   4 | 1600.0 |
           Zot |   4483 |   4400 |     83 |   1663 |    589 |   5 |  896.6 |
        Bailey |    772 |    772 |      0 |    532 |     53 |   1 |  772.0 |
      Ice Cave |     58 |     58 |      0 |      9 |      0 |   1 |   58.0 |
       Volcano |    288 |    288 |      0 |     38 |     86 |   1 |  288.0 |
        Wizlab |    450 |    450 |      0 |     35 |    149 |   1 |  450.0 |
               +--------+--------+--------+--------+--------+-----+--------+

Top non-repeatable levels by time:
Spider:4: 3690 daAuts
Shoals:2: 3058 daAuts
  Lair:3: 2747 daAuts
Vaults:3: 2352 daAuts
Depths:2: 2332 daAuts
Vaults:1: 2256 daAuts
    D:13: 2174 daAuts
Vaults:4: 2091 daAuts
    D:12: 2075 daAuts
   Elf:3: 2065 daAuts
Vaults:2: 2005 daAuts
  Lair:5: 1991 daAuts
    D:15: 1972 daAuts
Spider:3: 1910 daAuts
Shoals:4: 1906 daAuts
